 Dungeon Crawl Stone Soup version 0.30-a0-578-gdee14c521f (webtiles) character file.

Game seed: 11459403984494273113

155 Crownlay the Magician (level 5, -2/37 HPs)
             Began as a Gnoll Wanderer on Dec 31, 2022.
             Slain by a goblin
             ... wielding a +0 club
             ... led by Robin
              (4 damage)
             ... on level 2 of the Dungeon.
             The game lasted 00:04:44 (2331 turns).

Crownlay the Magician (Gnoll Wanderer)              Turns: 2331, Time: 00:04:45

Health: -2/37      AC:  2    Str: 11    XL:     5   Next: 37%
Magic:  5/12       EV: 12    Int: 14    God:
Gold:   91         SH:  0    Dex: 11    Spells: 11/14 levels left

rFire   . . .      SeeInvis .    a - +0 dagger
rCold   . . .      Faith    .    (no shield)
rNeg    . . .      Spirit   .    d - +0 robe
rPois   .          Reflect  .    (no helmet)
rElec   .          Harm     .    (no cloak)
rCorr   .          Rampage  .    (no gloves)
Will    .....                    (no boots)
Stlth   ++                       (no amulet)
HPRegen 0.26/turn                (no ring)
MPRegen 0.13/turn                (no ring)

@: no status effects
A: fangs 1, strong nose, distributed training
a: no special abilities


You were on level 2 of the Dungeon.
You visited 1 branch of the dungeon, and saw 3 of its levels.

You collected 91 gold pieces.

Inventory:

Hand Weapons
 a - a +0 dagger (weapon)
Missiles
 b - 8 poisoned darts
Armour
 d - a +0 robe (worn)
Magical Staves
 e - a staff of earth
Scrolls
 c - a scroll of fog
 f - 2 scrolls of magic mapping {unknown}
 g - a scroll of blinking {unknown}
 h - 3 scrolls of identify {unknown}
 i - a scroll of enchant armour {unknown}
 j - a scroll of acquirement {unknown}
Potions
 k - a potion of heal wounds {unknown}
 l - 2 potions of attraction {unknown}
 m - a potion of haste {unknown}
 n - a potion of lignification {unknown}


   Skills:
 + Level 1.5 Fighting
 + Level 1.5 Short Blades
 + Level 1.5 Long Blades
 + Level 1.5 Axes
 + Level 1.5 Maces & Flails
 + Level 1.5 Polearms
 + Level 1.5 Staves
 + Level 1.5 Ranged Weapons
 + Level 4.8 Throwing
 + Level 1.5 Armour
 + Level 3.0 Dodging
 + Level 2.8 Stealth
 + Level 1.5 Shields
 + Level 1.5 Unarmed Combat
 + Level 5.2 Spellcasting
 + Level 1.2 Conjurations
 + Level 1.2 Hexes
 + Level 4.0 Summonings
 + Level 1.2 Necromancy
 + Level 1.2 Translocations
 + Level 1.2 Transmutations
 + Level 1.2 Fire Magic
 + Level 1.2 Ice Magic
 + Level 4.0 Air Magic
 + Level 1.2 Earth Magic
 + Level 1.2 Poison Magic
 + Level 1.7 Invocations
 + Level 1.5 Evocations


You had 11 spell levels left.
You knew the following spells:

 Your Spells              Type           Power      Damage    Failure   Level
a - Shock                 Conj/Air       44%        1d5       6%          1
b - Static Discharge      Conj/Air       22%        2-3/arc   9%          2

Your spell library contained the following spells:

 Spells                   Type           Power      Damage    Failure   Level
 Summon Small Mammal      Summ           56%        N/A       3%          1
 Slow                     Hex            28%        N/A       11%         1
 Summon Guardian Golem    Hex/Summ       11%        N/A       17%         3
 Confusing Touch          Hex            7%         N/A       30%         3
 Vampiric Draining        Necr           7%         2d6       30%         3
 Summon Lightning Spire   Summ/Air       14%        N/A       32%         4


Dungeon Overview and Level Annotations

Branches:
Dungeon (3/15)

Altars:

Shops:
D:1 =

Annotations:
D:3 Robin


Innate Abilities, Weirdness & Mutations

You have very sharp teeth.
Your uncanny sense of smell can sniff out nearby items.
Your experience applies equally to all skills.


Message History

The goblin shoots a sling bullet.
The sling bullet closely misses you.
Robin zaps a wand.
The puff of flame hits you!
Casting: Shock (safe; 6% risk of failure)
Confirm with . or Enter, or press ? or * to list all spells.
Aiming: Shock (safe; 6% risk of failure)
Press: ? - help, Shift-Dir - straight line, f/p - Robin
Aim: Robin, wielding a +0 dagger, wearing a +0 animal skin, wearing a +0 helmet and carrying a wand of flame (24) (heavily wounded, 77% to hit)
The zap hits the hobgoblin.
The hobgoblin is heavily wounded.
The zap hits Robin.
Robin is severely wounded.
The goblin shoots a sling bullet.
The sling bullet barely misses you. The goblin barely misses you.
The goblin shoots a sling bullet.
The sling bullet closely misses you. The hobgoblin hits you!
The goblin hits you with a +0 club.
* * * LOW HITPOINT WARNING * * *
You climb upwards.
There is a stone staircase leading down here.
Casting: Shock (safe; 6% risk of failure)
Confirm with . or Enter, or press ? or * to list all spells.
The goblin is struck by an arc of lightning.
The goblin is heavily wounded.
You are struck by an arc of lightning.
* * * LOW HITPOINT WARNING * * *
The lightning grounds out.
The goblin hits you with a +0 club.
* * * LOW HITPOINT WARNING * * *
The hobgoblin hits you.
* * * LOW HITPOINT WARNING * * *
Casting: Static Discharge (safe; 9% risk of failure)
Confirm with . or Enter, or press ? or * to list all spells.
The hobgoblin is struck by an arc of lightning.
The hobgoblin is heavily wounded.
You are struck by an arc of lightning.
* * * LOW HITPOINT WARNING * * *
The hobgoblin is struck by an arc of lightning.
The hobgoblin is almost dead.
The lightning grounds out.
The hobgoblin hits you.
* * * LOW HITPOINT WARNING * * *
The goblin hits you with a +0 club.
You die...

.######.#.#.###...#######......#.
.......###...........#....#####.#
)..####.#.#..........#..### #.#
..............###....#..# #.#
...#####................# #.#
..## #.####.###.###.#.#######.#
.#######.# #.# #.###.#.........#
.........# #.###g....#.#########
.######### #..g@.......# .#
############# ##


You could see a hobgoblin (strong) and a goblin (strong).

Vanquished Creatures
  Natasha (twice) (D:2)
  A gnoll (D:1)
  5 adders (D:2)
  A worm (D:2)
  6 bats
  5 endoplasms
  2 giant cockroaches (D:1)
  5 hobgoblins
  2 kobolds (D:2)
  2 ball pythons (D:2)
  3 frilled lizards
  8 goblins
  6 rats
48 creatures vanquished.

Notes
Turn   | Place    | Note
-------+----------+-------------------------------------------
     0 | D:1      | Crownlay the Gnoll Wanderer began the quest for the Orb.
     0 | D:1      | Crownlay set off with the following items: a +0 dagger, 8
                  | poisoned darts, a scroll of fog, a +0 robe; and the
                  | following spells available to memorise: Summon Small
                  | Mammal, Shock, Static Discharge, Summon Guardian Golem,
                  | Summon Lightning Spire.
     0 | D:1      | Reached XP level 1. HP: 13/13 MP: 6/6
     2 | D:1      | Learned a level 1 spell: Shock
   219 | D:1      | Reached XP level 2. HP: 19/19 MP: 3/7
   266 | D:1      | Found Ruejopripp's Jewellery Shop.
   352 | D:1      | Reached skill level 5 in Spellcasting
   352 | D:1      | Reached XP level 3. HP: 21/25 MP: 0/9
   945 | D:2      | Reached skill level 1 in Invocations
  1044 | D:2      | Reached skill level 1 in Fighting
  1044 | D:2      | Reached skill level 1 in Short Blades
  1044 | D:2      | Reached skill level 1 in Long Blades
  1044 | D:2      | Reached skill level 1 in Axes
  1044 | D:2      | Reached skill level 1 in Maces & Flails
  1044 | D:2      | Reached skill level 1 in Polearms
  1044 | D:2      | Reached skill level 1 in Staves
  1044 | D:2      | Reached skill level 1 in Ranged Weapons
  1044 | D:2      | Reached skill level 1 in Armour
  1044 | D:2      | Reached skill level 1 in Shields
  1044 | D:2      | Reached skill level 1 in Unarmed Combat
  1044 | D:2      | Reached skill level 1 in Evocations
  1250 | D:2      | Reached XP level 4. HP: 32/32 MP: 8/11
  1592 | D:2      | Noticed Natasha
  1593 | D:2      | Reached skill level 1 in Conjurations
  1593 | D:2      | Reached skill level 1 in Hexes
  1593 | D:2      | Reached skill level 1 in Necromancy
  1593 | D:2      | Reached skill level 1 in Translocations
  1593 | D:2      | Reached skill level 1 in Transmutations
  1593 | D:2      | Reached skill level 1 in Fire Magic
  1593 | D:2      | Reached skill level 1 in Ice Magic
  1593 | D:2      | Reached skill level 1 in Earth Magic
  1593 | D:2      | Reached skill level 1 in Poison Magic
  1684 | D:2      | Learned a level 2 spell: Static Discharge
  1692 | D:2      | Killed Natasha
  1976 | D:2      | Reached XP level 5. HP: 34/37 MP: 7/12
  2161 | D:2      | Noticed Natasha
  2170 | D:2      | Killed Natasha
  2323 | D:3      | Noticed Robin
  2331 | D:2      | Slain by a goblin

Illustrated notes

Levels and vault maps discovered:
D:1:      tarquinn_simple_flora_water_f, layout_rooms, serial_shops,
          nicolae_shop_behind_doors
D:2:      layout_loops_ring, uniq_natasha
D:3:      layout_rooms, nicolae_ecumenical_snake_handling,
          kennysheep_generic_room_5, uniq_robin

Skill      XL: |  1  2  3  4  5 |
---------------+----------------+-----
Spellcasting   | 5 |  5.2
Invocations    | 1 |  1.7
Fighting       | 1 |  1.5
Short Blades   | 1 |  1.5
Long Blades    | 1 |  1.5
Axes           | 1 |  1.5
Maces & Flails | 1 |  1.5
Polearms       | 1 |  1.5
Staves         | 1 |  1.5
Ranged Weapons | 1 |  1.5
Armour         | 1 |  1.5
Shields        | 1 |  1.5
Unarmed Combat | 1 |  1.5
Evocations     | 1 |  1.5
Conjurations   | 1 |  1.2
Hexes          | 1 |  1.2
Necromancy     | 1 |  1.2
Translocations | 1 |  1.2
Transmutations | 1 |  1.2
Fire Magic     | 1 |  1.2
Ice Magic      | 1 |  1.2
Earth Magic    | 1 |  1.2
Poison Magic   | 1 |  1.2
Dodging        | 3 |  3.0
Summonings     | 4 |  4.0
Air Magic      | 4 |  4.0
Throwing       | |  4.8
Stealth        | |  2.8

Action                   |  1- 3 |  4- 6 || total
-------------------------+-------+-------++-------
Melee: Dagger            |    13 |       ||    13
 Cast: Shock             |    71 |    48 ||   119
       Static Discharge  |       |     8 ||     8
Armor: Robe              |    10 |     2 ||    12
Dodge: Dodged            |    30 |    14 ||    44

Table legend: (Time is in decaauts)
 A = Elapsed time spent in this place.
 B = Non-inter-level travel time spent in this place.
 C = Inter-level travel time spent in this place.
 D = Time resting spent in this place.
 E = Time spent auto-exploring this place.
 F = Levels seen in this place.
 G = Mean time per level.
                   A        B        C        D        E       F      G
               +--------+--------+--------+--------+--------+-----+--------+
         Total |   2331 |   2285 |     46 |     80 |   1926 |   3 |  777.0 |
       Dungeon |   2331 |   2285 |     46 |     80 |   1926 |   3 |  777.0 |
               +--------+--------+--------+--------+--------+-----+--------+

Top non-repeatable levels by time:
     D:2: 1313 daAuts
     D:1: 1012 daAuts
     D:3: 5 daAuts
